 Dungeon Crawl Stone Soup version 0.32-a0-818-gb728d0252e (webtiles) character file.

Game seed: 11822438099823860672

254 mopl the Chopper (level 5, -2/47 HPs)
             Began as a Minotaur Fighter on Mar 24, 2024.
             Slain by Pikel
             ... wielding a +1 whip of flaming
              (4 damage)
             ... on level 4 of the Dungeon.
             The game lasted 00:02:45 (2317 turns).

mopl the Chopper (Minotaur Fighter)                 Turns: 2317, Time: 00:02:45

Health: -2/47      AC:  8    Str: 27    XL:     5   Next: 90%
Magic:  4/4        EV:  9    Int: 10    God:
Gold:   200        SH:  4    Dex: 11    Spells: 4/4 levels left

rFire   . . .        a - +10 war axe "Jelly's Funeral" {freeze, Int+5}
rCold   . . .        c - +0 buckler
rNeg    . . .        b - +0 scale mail
rPois   .            (helmet restricted)
rElec   .            (no cloak)
rCorr   .            f - +0 pair of gloves
SInv    .            (no boots)
Will    +....        (no amulet) Stlth
                     i - ring of willpower
HPRegen 0.27/turn    n - +6 ring of strength
MPRegen 0.09/turn

%: no passive effects
@: no status effects
A: horns 2, retaliatory headbutt
a: no special abilities


You were on level 4 of the Dungeon.
You visited 1 branch of the dungeon, and saw 4 of its levels.

You collected 200 gold pieces.

Inventory:

Hand Weapons
 a - the +10 war axe "Jelly's Funeral" (weapon) {freeze, Int+5}
   (You found it on level 4 of the Dungeon)

   Int+5:     It affects your intelligence (+5).
 y - a +3 whip of electrocution
Missiles
 e - 10 poisoned darts (quivered)
Armour
 b - a +0 scale mail (worn)
 c - a +0 buckler (worn)
 f - a +0 pair of gloves (worn)
Jewellery
 i - a ring of willpower (left hand)
 n - a +6 ring of strength (right hand)
Wands
 w - a wand of polymorph (10)
 x - a wand of digging (5)
Scrolls
 h - 2 scrolls of identify {unknown}
 k - a scroll of brand weapon {unknown}
 p - a scroll of summoning {unknown}
 q - 2 scrolls of noise {unknown}
 r - 4 scrolls of blinking {unknown}
 s - a scroll of enchant armour {unknown}
 t - a scroll of fear {unknown}
 u - a scroll of immolation {unknown}
 v - a scroll of teleportation {unknown}
Potions
 d - a potion of might
 g - a potion of brilliance {unknown}
 j - 3 potions of curing {unknown}
 l - a potion of heal wounds {unknown}
 m - a potion of attraction {unknown}
 o - a potion of mutation {unknown}
 z - a potion of invisibility {unknown}
 A - a potion of lignification {unknown}


   Skills:
 + Level 4.7 Fighting
 * Level 4.8 Axes
 + Level 1.3 Throwing
 + Level 4.8 Armour
 + Level 2.5 Dodging
 - Level 3.6 Shields


You had 4 spell levels left.
You didn't know any spells.
Your spell library was empty.

Dungeon Overview and Level Annotations

Branches:
Dungeon (4/15)
 Temple: D:4-7

Altars:

Shops:
D:1 :

Annotations:
D:4 Pikel


Innate Abilities, Weirdness & Mutations

You have a pair of horns on your head.
You reflexively headbutt those who attack you in melee.


Message History

The lemure is severely wounded.
You slash the lemure! You freeze the lemure. The lemure hits you. x2
You block the lemure's attack. The lemure hits you.
Pikel hits you with a +1 whip of flaming.
Pikel burns you.
Unknown command.
You are too injured to fight recklessly!
You are too injured to fight recklessly!
Unknown command.
You are too injured to fight recklessly!
Unknown command.
You are too injured to fight recklessly!
You slash Pikel! You freeze Pikel. You headbutt Pikel!
Pikel is heavily wounded.
You slash the lemure! You freeze the lemure.
You kill the lemure!
That felt strangely unrewarding.
You slash the lemure! You freeze the lemure.
You kill the lemure!
That felt strangely unrewarding.
Pikel hits you with a +1 whip of flaming.
Pikel burns you.
* * * LOW HITPOINT WARNING * * *
You slash Pikel! You freeze Pikel.
Pikel is almost dead.
You hit the lemure. You freeze the lemure. You hit the lemure.
You freeze the lemure.
Pikel hits you with a +1 whip of flaming.
* * * LOW HITPOINT WARNING * * *
Pikel burns you.
* * * LOW HITPOINT WARNING * * *
You block the lemure's attack. The lemure hits you but does no damage.
You barely miss Pikel.
Pikel is almost dead.
You slice the lemure!! You freeze the lemure. You barely miss the lemure.
The lemure hits you but does no damage.
Pikel hits you with a +1 whip of flaming!
* * * LOW HITPOINT WARNING * * *
Pikel burns you.
You die...
Pikel says, "Another soul for the market."

..... #......
##....... .#.......###
. ........#... ....
##..........#
.....###.....(....# ##
#....5@).........##.#
......5K..............
...###................
. ##....[..........
#................
#.........†.......
.............#....
..............# $.. .
..............# ...


You could see Pikel and 2 lemures.

Vanquished Creatures
  2 lemures (D:4)
  An iguana (D:4)
  Ijyb (D:3)
  An orc wizard (D:4)
  Robin (D:3)
  A gnoll (D:4)
  5 adders
  4 dart slugs
  7 orcs
  4 bats
  6 endoplasms
  5 giant cockroaches
  15 hobgoblins
  2 jackals (D:1)
  5 quokkas
  4 ball pythons
  2 frilled lizards
  18 goblins
  8 kobolds
  3 rats
95 creatures vanquished.

Notes
Turn   | Place    | Note
-------+----------+-------------------------------------------
     0 | D:1      | mopl the Minotaur Fighter began the quest for the Orb.
     0 | D:1      | Reached XP level 1. HP: 19/19 MP: 0/0
    84 | D:1      | Found a faded altar of an unknown god.
    92 | D:1      | Reached XP level 2. HP: 20/27 MP: 1/1
   179 | D:1      | Reached skill level 3 in Axes
   609 | D:1      | Found Cyfud's Book Boutique.
   641 | D:2      | Reached skill level 1 in Dodging
   959 | D:2      | Reached skill level 4 in Fighting
   959 | D:2      | Reached XP level 3. HP: 33/33 MP: 2/2
   963 | D:2      | Reached skill level 4 in Armour
  1203 | D:2      | Reached XP level 4. HP: 32/40 MP: 3/3
  1590 | D:3      | Reached skill level 4 in Axes
  1660 | D:3      | Noticed Robin
  1670 | D:3      | Reached skill level 2 in Dodging
  1672 | D:3      | Killed Robin
  1891 | D:3      | Noticed Ijyb
  1905 | D:3      | Killed Ijyb
  1906 | D:3      | Reached XP level 5. HP: 44/47 MP: 4/4
  2199 | D:4      | Reached skill level 1 in Throwing
  2307 | D:4      | Identified the +10 war axe "Jelly's Funeral" {freeze,
                  | Int+5}
  2307 | D:4      | Noticed a lemure
  2307 | D:4      | Noticed a lemure
  2307 | D:4      | Noticed Pikel
  2307 | D:4      | Noticed a lemure
  2308 | D:4      | Noticed a lemure
  2315 | D:4      | Killed a lemure
  2315 | D:4      | Killed a lemure
  2317 | D:4      | HP: 2/47 [Pikel/+1 whip of flaming (8)]
  2317 | D:4      | Slain by Pikel

Illustrated notes

Levels and vault maps discovered:
D:1:      lightli_arrival_windingriver, layout_basic,
          hellmonk_ecumenical_altar_arch_garden, serial_shops,
          nicolae_shop_just_a_little_nook
D:2:      layout_loops_corners
D:3:      layout_loops_ring, serial_bayou, serial_bayou_pond_e,
          serial_bayou_pond_e, serial_bayou_pond_d, serial_bayou_pond_e,
          amethyst_killhole, uniq_robin, uniq_ijyb
D:4:      layout_cave_pools, uniq_pikel

Skill      XL: |  1  2  3  4  5 |
---------------+----------------+-----
Axes           | 3 4 |  4.8
Dodging        | 1 2 |  2.5
Fighting       | 4 |  4.7
Armour         | 4 |  4.8
Throwing       | 1 |  1.3
Shields        | |  3.6

Action                     |  1- 3 |  4- 6 || total
---------------------------+-------+-------++-------
  Melee: War axe           |    65 |   103 ||   168
         Headbutt          |     4 |    10 ||    14
 Armour: Scale mail        |    61 |    83 ||   144
  Dodge: Dodged            |    32 |    43 ||    75
  Block: Buckler           |     9 |    27 ||    36

Table legend: (Time is in decaauts)
 A = Elapsed time spent in this place.
 B = Non-inter-level travel time spent in this place.
 C = Inter-level travel time spent in this place.
 D = Time resting spent in this place.
 E = Time spent auto-exploring this place.
 F = Levels seen in this place.
 G = Mean time per level.
                   A        B        C        D        E       F      G
               +--------+--------+--------+--------+--------+-----+--------+
         Total |   2378 |   2316 |     62 |     76 |   1738 |   4 |  594.5 |
       Dungeon |   2378 |   2316 |     62 |     76 |   1738 |   4 |  594.5 |
               +--------+--------+--------+--------+--------+-----+--------+

Top non-repeatable levels by time:
     D:2: 823 daAuts
     D:3: 753 daAuts
     D:1: 653 daAuts
     D:4: 148 daAuts
